 Dungeon Crawl Stone Soup version 0.21.1-1-g345015f (webtiles) character file.

955 diana the Spear-Bearer (level 8, -1/56 HPs)
             Began as a Merfolk Gladiator on June 2, 2018.
             Killed from afar by an orc wizard (16 damage)
             ... with a puff of flame
             ... on level 5 of the Dungeon.
             The game lasted 00:08:29 (5202 turns).

diana the Spear-Bearer (Merfolk Gladiator)          Turns: 5202, Time: 00:08:30

Health: -1/56      AC:  4    Str: 15    XL:     8   Next: 14%
Magic:  8/8        EV: 14    Int:  8    God:
Gold:   191        SH:  0    Dex: 16    Spells: 6/7 levels left

rFire    x . .     SeeInvis .   q - +0 halberd
rCold    + . .     Gourm    +   (shield currently unavailable)
rNeg     . . .     Faith    .   b - +0 leather armour
rPois    .         Spirit   .   c - +0 helmet
rElec    .         Reflect  .   (no cloak)
rCorr    .         Harm     .   (no gloves)
MR       .....     Rnd*Tele +   (no boots)
Stlth    +.........             z - amulet of the gourmand
HPRegen  0.18/turn              y - ring of teleportation (curse)
MPRegen  0.11/turn              t - ring of ice

@: no status effects
A: change form in water, swift swim, stealthy swim
a: no special abilities


You were on level 5 of the Dungeon.
You were hungry.

You visited 1 branch of the dungeon, and saw 5 of its levels.

You collected 191 gold pieces.

Inventory:

Hand Weapons
 a - a +0 trident
 q - a +0 halberd (weapon)
Missiles
 d - 2 throwing nets (quivered)
Armour
 b - a +0 leather armour (worn)
 c - a +0 helmet (worn)
Jewellery
 o - an uncursed ring of resist corrosion
 t - a ring of ice (right hand)
 y - a cursed ring of teleportation (left hand)
 z - an amulet of the gourmand (around neck)
Scrolls
 h - 3 scrolls of identify {unknown}
 i - 3 scrolls of noise {unknown}
 j - 2 scrolls of teleportation {unknown}
 k - 2 scrolls of fear {unknown}
 l - 2 scrolls of enchant armour {unknown}
 p - a scroll of amnesia {unknown}
 r - 3 scrolls of remove curse {unknown}
 w - a scroll of blinking {unknown}
 B - a scroll of summoning {unknown}
Potions
 e - a potion of curing
 g - 2 potions of might {unknown}
 m - a potion of lignification {unknown}
 n - 2 potions of haste {unknown}
 s - a potion of brilliance {unknown}
 v - 3 potions of berserk rage {unknown}
 x - a potion of heal wounds {unknown}
Books
 u - a book of Cantrips

   Spells                             Type                      Level
   a - Confusing Touch                Hexes                        1
   b - Animate Skeleton               Necromancy                   1
   c - Summon Small Mammal            Summoning                    1
   d - Apportation                    Translocation                1
 A - a book of Changes

   Spells                             Type                      Level
   a - Beastly Appendage              Transmutation                1
   b - Sticks to Snakes               Transmutation                2
   c - Spider Form                    Transmutation/Poison         3
   d - Ice Form                       Ice/Transmutation            4
   e - Blade Hands                    Transmutation                5
Comestibles
 f - 8 rations


   Skills:
 - Level 2.1 Fighting
 + Level 13.1 Polearms
 - Level 2.0 Throwing
 - Level 4.0 Dodging


You had 6 spell levels left.
You knew the following spells:

 Your Spells              Type           Power        Failure   Level  Hunger
a - Beastly Appendage     Tmut           #.....       47%         1    ##.....


Dungeon Overview and Level Annotations

Branches:
Dungeon (5/15)
 Temple: D:4-7

Altars:
Fedhas
Makhleb


Message History

You hear some strange, mumbled words.
Something tries to affect you, but you resist.
The orc hits you with a mace. The orc misses you.
You closely miss something. Something hits you. The orc hits you with a mace!
You barely miss something. The orc closely misses you. Something hits you.
You puncture something! The orc closely misses you. x2
Something hits you but does no damage.
You miss something. The orc hits you with a mace. The orc barely misses you.
You barely miss something. Something hits you but does no damage.
You miss something. The orc closely misses you.
You hear some strange, mumbled words.
A puff of flame appears from out of thin air!
The puff of flame hits you! The fire burns you terribly!
The orc hits you with a flail.
* * * LOW HITPOINT WARNING * * *
You hit something.
You hear some strange, mumbled words.
A puff of flame appears from out of thin air!
The puff of flame hits you! The fire burns you terribly!
You die...

....# +## #.....#
....#####.# ###..##
#.....# ..........#
#.....# #.....#
###.####### #.....#
#.....# ....#### #.....#
#.....## ....'..#
+.....##.# #.....'.
...<##.###+####oo...##.#
#.....##
....##.......###'# ..#.#
#....รท#
....##.........#@# #.#.#
#####.#
....##.......#.#.# #.#.#
###'## ....##.......#
#.# #.#.# #.....
....##.......# #.# #...#
#..... ######.......+
#.####..#####.....
##......#
#......>....'.....
#......#
#####.#######.....
##...... #.# #.....
#.###### #.# #.....


You could see 2 orcs.

Vanquished Creatures
  Grinder (D:4)
  Sigmund (D:3)
  2 phantoms
  An ogre (D:5)
  A crimson imp (D:5)
  A hound (D:4)
  Crazy Yiuf (D:2)
  An orc wizard (D:4)
  A bullfrog skeleton (D:5)
  3 hound skeletons
  5 adders
  A gnoll (D:1)
  An adder skeleton (D:4)
  An adder zombie (D:5)
  A worm (D:4)
  4 dart slugs
  2 leopard geckos
  8 orcs
  A ball python (D:2)
  3 giant cockroaches
  9 hobgoblins
  3 jackals (D:3)
  A quokka (D:5)
  7 bats
  5 frilled lizards
  9 goblins
  8 kobolds
  A quokka zombie (D:5)
  5 rats
88 creatures vanquished.

Notes
Turn   | Place    | Note
-------+----------+-------------------------------------------
     0 | D:1      | diana the Merfolk Gladiator began the quest for the Orb.
     0 | D:1      | Reached XP level 1. HP: 16/16 MP: 1/1
   378 | D:1      | Reached skill level 5 in Polearms
   391 | D:1      | Reached XP level 2. HP: 22/22 MP: 2/2
   527 | D:1      | Reached skill level 6 in Polearms
   527 | D:1      | Reached XP level 3. HP: 21/27 MP: 3/3
  1050 | D:2      | Found a runed door.
  1228 | D:2      | Found a burning altar of Makhleb.
  1243 | D:2      | Reached skill level 7 in Polearms
  1243 | D:2      | Reached XP level 4. HP: 28/33 MP: 4/4
  1754 | D:2      | Noticed Crazy Yiuf
  2105 | D:2      | Killed Crazy Yiuf
  2236 | D:3      | Noticed Sigmund
  2245 | D:3      | Killed Sigmund
  2245 | D:3      | Reached skill level 9 in Polearms
  2245 | D:3      | Reached XP level 5. HP: 11/38 MP: 5/5
  2245 | D:3      | Reached XP level 6. HP: 13/44 MP: 6/6
  3216 | D:3      | Reached skill level 10 in Polearms
  3446 | D:4      | HP: 2/44 [hound skeleton (1)]
  3985 | D:4      | Noticed Grinder
  3992 | D:3      | Learned a level 1 spell: Beastly Appendage
  4096 | D:4      | Found a blossoming altar of Fedhas.
  4245 | D:4      | Paralysed by Grinder for 3 turns
  4258 | D:4      | Killed Grinder
  4258 | D:4      | Reached skill level 11 in Polearms
  4258 | D:4      | Reached XP level 7. HP: 7/50 MP: 7/7
  4617 | D:4      | Reached skill level 12 in Polearms
  4812 | D:5      | Entered Level 5 of the Dungeon
  4836 | D:5      | Reached XP level 8. HP: 56/56 MP: 8/8
  4886 | D:5      | Reached skill level 13 in Polearms
  5202 | D:5      | Killed from afar by an orc wizard

Skill      XL: |  1  2  3  4  5  6  7  8 |
---------------+-------------------------+-----
Polearms       | 5 6 7 9 11 12 13 | 13.1
Fighting       | |  2.1
Throwing       | |  2.0
Dodging        | |  4.0

Action                   |  1- 3 |  4- 6 |  7- 9 || total
-------------------------+-------+-------+-------++-------
Melee: Trident           |    37 |       |       ||    37
       Halberd           |    43 |   195 |    73 ||   311
Throw: Throwing net      |       |     1 |       ||     1
  Use: Potion            |       |     2 |       ||     2
 Stab: Sleeping          |       |     2 |     1 ||     3
  Eat: Chunk             |     1 |     3 |     2 ||     6
       Ration            |       |     2 |       ||     2
Armor: Leather armour    |     3 |    32 |    10 ||    45
Dodge: Dodged            |    33 |   128 |    37 ||   198
